 Dungeon Crawl Stone Soup version 0.29-a0-284-gf9362112df (webtiles) character file.

Game seed: 12459860312348199829

120 yunder69 the Chopper (level 4, -11/60 HPs)
             Began as a Minotaur Berserker on Mar 31, 2022.
             Was a Believer of Trog.
             Mangled by Crazy Yiuf
             ... wielding a +3 quarterstaff of chaos
              (18 damage)
             ... on level 4 of the Dungeon.
             The game lasted 00:05:03 (3764 turns).

yunder69 the Chopper (Minotaur Berserker)           Turns: 3764, Time: 00:05:03

Health: -11/60     AC:  9    Str: 24    XL:     4   Next: 75%
Magic:  12/12      EV:  8    Int:  4    God:    Trog [**....]
Gold:   193        SH:  0    Dex:  9    Spells: 3/3 levels left

rFire   . . .      SeeInvis .   t - +0 war axe
rCold   . . .      Faith    +   (no shield)
rNeg    . . .      Spirit   .   a - +0 chain mail
rPois   .          Reflect  .   (helmet restricted)
rElec   .          Harm     .   (no cloak)
rCorr   .          Rampage  .   (no gloves)
Will    ++...                   (no boots)
Stlth   ..........              j - amulet of faith
HPRegen 1.20/turn               q - ring of magical power
MPRegen 0.13/turn               (no ring)

@: berserking (expiring), strong-willed, regenerating, very quick
A: horns 2, retaliatory headbutt
a: Renounce Religion, Berserk, Trog's Hand


You were on level 4 of the Dungeon.
You worshipped Trog.
Trog was pleased with you.
You visited 1 branch of the dungeon, and saw 4 of its levels.

You collected 193 gold pieces.

Inventory:

Hand Weapons
 t - a +0 war axe (weapon)
Armour
 a - a +0 chain mail (worn)
Jewellery
 j - an amulet of faith (around neck)
 q - a ring of magical power (left hand)
 v - a +6 ring of strength
Wands
 o - a wand of polymorph (8)
Scrolls
 b - 2 scrolls of noise {unknown}
 c - 3 scrolls of blinking {unknown}
 d - 2 scrolls of enchant armour {unknown}
 f - a scroll of brand weapon {unknown}
 g - a scroll of teleportation {unknown}
 h - 4 scrolls of identify {unknown}
 k - a scroll of fear {unknown}
 l - a scroll of amnesia {unknown}
 m - a scroll of fog {unknown}
 r - a scroll of enchant weapon {unknown}
 s - 2 scrolls of silence {unknown}
 u - a scroll of holy word {unknown}
 w - a scroll of torment {unknown}
Potions
 e - a potion of invisibility {unknown}
 i - 2 potions of mutation {unknown}
 n - a potion of curing {unknown}
 p - 2 potions of brilliance {unknown}


   Skills:
 - Level 3.9 Fighting
 + Level 6.1 Axes
 - Level 2.8 Armour
 - Level 2.5 Dodging


You had 3 spell levels left.
You didn't know any spells.
Your spell library was empty.

Dungeon Overview and Level Annotations

Branches:
Dungeon (4/15)
 Temple: D:4-7

Altars:
Qazlal

Shops:
D:3 =:*?

Annotations:
D:3 1 exclusion
D:4 Crazy Yiuf


Innate Abilities, Weirdness & Mutations

You have a pair of horns on your head.
You reflexively headbutt those who attack you in melee.


Message History

There is a stone staircase leading down here.
You see here a +0 leather armour.
w - a scroll labelled MECOEH HEIG
Found a mace.
Found a runed translucent door.
No target in view!
No target in view!
Crazy Yiuf shouts!
Crazy Yiuf twirls on the spot.
Your skin crawls.
You feel strong-willed.
A red film seems to cover your vision as you go berserk!
You feel yourself moving faster!
You feel mighty!
The door flies open with a bang!
You feel a strong urge to attack something.
Crazy Yiuf screams, "Snower seventy noodlescoop!"
Crazy Yiuf hits you with a +3 quarterstaff of chaos!
There is an open translucent door, spattered with blood here.
You barely miss Crazy Yiuf.
Crazy Yiuf twirls on the spot.
Crazy Yiuf hits you with a +3 quarterstaff of chaos.
You are electrocuted!!
You barely miss Crazy Yiuf. Crazy Yiuf barely misses you.
You barely miss Crazy Yiuf. Crazy Yiuf barely misses you.
You furiously retaliate!
You headbutt Crazy Yiuf! You closely miss Crazy Yiuf.
Crazy Yiuf is heavily wounded.
Crazy Yiuf hits you with a +3 quarterstaff of chaos.
You barely miss Crazy Yiuf. Your headbutt misses Crazy Yiuf.
Crazy Yiuf is heavily wounded.
You closely miss Crazy Yiuf.
Crazy Yiuf is heavily wounded.
Crazy Yiuf hits you with a +3 quarterstaff of chaos.
You are electrocuted!!
* * * LOW HITPOINT WARNING * * *
You closely miss Crazy Yiuf. Your headbutt misses Crazy Yiuf.
Crazy Yiuf is heavily wounded.
Crazy Yiuf hits you with a +3 quarterstaff of chaos.
* * * LOW HITPOINT WARNING * * *
You are electrocuted!!
You die...

..# #....#
..# #....#
### #...##
##.## #.##
########
##.#
#......#
#.##
######)#
##.#
####.#.#
#@#
#....#.#
#.g.#
##.....#
#...#
#.#.###
##### #..)#
#.#.# ....#
##### #.#.#
###.#
##.#<# #
#.#
##..#####
###.#####
#.#.....#
..#.....#
###.#.###.#


You could see Crazy Yiuf.

Vanquished Creatures
  4 adders
  5 dart slugs
  4 orcs
  4 endoplasms
  4 giant cockroaches
  8 goblins
  3 hobgoblins
  3 jackals (D:1)
  4 kobolds
  4 quokkas
  6 ball pythons
  8 bats
  2 frilled lizards
  5 rats
64 creatures vanquished.

Vanquished Creatures (others)
  2 fungi (D:3)
2 creatures vanquished.

Grand Total: 66 creatures vanquished

Notes
Turn   | Place    | Note
-------+----------+-------------------------------------------
     0 | D:1      | yunder69 the Minotaur Berserker began the quest for the
                  | Orb.
     0 | D:1      | Reached XP level 1. HP: 19/19 MP: 0/0
   154 | D:1      | Reached XP level 2. HP: 27/27 MP: 1/1
   439 | D:1      | Reached skill level 4 in Axes
   713 | D:1      | Reached XP level 3. HP: 30/33 MP: 2/2
  1694 | D:2      | Reached ** piety under Trog
  1950 | D:3      | Identified the +6 short sword "Ydgheaf" {holy, Dex+4}
  2017 | D:3      | Found Roiwnuon's Assorted Antiques.
  2030 | D:3      | Reached skill level 5 in Axes
  2061 | D:3      | Found a stormy altar of Qazlal.
  2293 | D:3      | Found Gaga's Book Shop.
  2305 | D:3      | Reached XP level 4. HP: 32/40 MP: 3/3
  2561 | D:3      | Found Alockikk's Jewellery Emporium.
  2897 | D:3      | Found Giqatev's Magic Scroll Shoppe.
  2925 | D:3      | Found a faded altar of an unknown god.
  3373 | D:4      | Reached skill level 6 in Axes
  3750 | D:4      | Found a runed translucent door.
  3751 | D:4      | Noticed Crazy Yiuf
  3764 | D:4      | Mangled by Crazy Yiuf

Illustrated notes

Levels and vault maps discovered:
D:1:      lemuel_arrival_rhombus, layout_basic, item_on_display_a
D:2:      layout_basic
D:3:      layout_loops_cross, mainiacjoe_overflow_surrounded_room,
          shapermc_ecumenical_altar_mp_ritualfount, serial_shops, shop, shop,
          nicolae_shop_advertising_works [nicolae_subvault_shop_adworks],
          nicolae_lakefront_shop
D:4:      layout_basic, uniq_crazy_yiuf_cottage

Skill      XL: |  1  2  3  4 |
---------------+-------------+-----
Axes           | 4 5 6 |  6.1
Fighting       | |  3.9
Armour         | |  2.8
Dodging        | |  2.5

Action                   |  1- 3 |  4- 6 || total
-------------------------+-------+-------++-------
Melee: Hand axe          |    69 |       ||    69
       Headbutt          |    14 |     5 ||    19
       War axe           |    13 |    40 ||    53
Invok: Berserk           |     1 |     1 ||     2
       Trog's Hand       |       |     1 ||     1
 Stab: Sleeping          |     1 |       ||     1
Armor: Animal skin       |    17 |       ||    17
       Ring mail         |     9 |    14 ||    23
       Chain mail        |       |    10 ||    10
Dodge: Dodged            |    67 |    14 ||    81

Table legend: (Time is in decaauts)
 A = Elapsed time spent in this place.
 B = Non-inter-level travel time spent in this place.
 C = Inter-level travel time spent in this place.
 D = Time resting spent in this place.
 E = Time spent auto-exploring this place.
 F = Levels seen in this place.
 G = Mean time per level.
                   A        B        C        D        E       F      G
               +--------+--------+--------+--------+--------+-----+--------+
         Total |   3787 |   3557 |    230 |     52 |   3087 |   4 |  946.8 |
       Dungeon |   3787 |   3557 |    230 |     52 |   3087 |   4 |  946.8 |
               +--------+--------+--------+--------+--------+-----+--------+

Top non-repeatable levels by time:
     D:2: 1067 daAuts
     D:3: 1034 daAuts
     D:1: 895 daAuts
     D:4: 790 daAuts
